 Seeded DCSS version 0.28-a0-1518-gbe868bca14 (webtiles) character file.

Game seed: 20220117 (custom seed)

567 flotson the Chopper (level 7, 0/118 HPs)
             Began as a Demonspawn Gladiator on Jan 17, 2022.
             Slain by a water moccasin (4 damage)
             ... on level 5 of the Dungeon.
             The game lasted 00:08:38 (4559 turns).

flotson the Chopper (Demonspawn Gladiator)          Turns: 4559, Time: 00:08:39

Health: 0/118      AC: 23    Str: 16    XL:     7   Next: 11%
Magic:  7/7        EV:  2    Int: 10    God:
Gold:   203        SH:  0    Dex: 14    Spells: 6/6 levels left

rFire   . . .      SeeInvis .   a - +0 war axe
rCold   . . .      Faith    .   (no shield)
rNeg    . . .      Spirit   .   (armour currently unavailable)
rPois   +          Reflect  .   (helmet currently unavailable)
rElec   .          Harm     .   (cloak currently unavailable)
rCorr   .          Rampage  .   (gloves currently unavailable)
Will    .....      NoTele   +   (boots currently unavailable)
Stlth   ..........              (no amulet)
HPRegen 0.29/turn               j - ring of flight
MPRegen 0.10/turn               (no ring)

@: berserking, lethally poisoned (0 -> -2), tree-form, attractive, very quick
A: stationary, stasis, torment immunity, boosted hp, (molten scales 1), foul
stench 1, powered by death 2, (weakness stinger 2)
a: no special abilities


You were on level 5 of the Dungeon.
You were a tree.
You visited 1 branch of the dungeon, and saw 5 of its levels.

You collected 203 gold pieces.

Inventory:

Hand Weapons
 a - a +0 war axe (weapon)
Missiles
 d - 3 throwing nets
 f - 9 boomerangs (quivered)
 l - 9 atropa-tipped darts
 v - 4 poisoned darts
Armour
 i - a +0 ring mail (melded)
 o - a +2 hat (melded)
Jewellery
 j - a ring of flight (left branch)
 u - a ring of poison resistance
Wands
 q - a wand of paralysis (11)
Scrolls
 b - 2 scrolls of enchant weapon {unknown}
 c - 2 scrolls of amnesia {unknown}
 g - 4 scrolls of identify {unknown}
 h - a scroll of immolation {unknown}
 k - 2 scrolls of teleportation {unknown}
 p - a scroll of vulnerability {unknown}
 r - a scroll of torment {unknown}
Potions
 e - 2 potions of lignification
 m - a potion of degeneration {unknown}
 n - 2 potions of attraction
 s - a potion of curing {unknown}
 t - a potion of berserk rage


   Skills:
 + Level 3.8 Fighting
 + Level 4.0 Axes
 + Level 3.4 Throwing
 + Level 2.7 Armour
 + Level 3.9 Dodging
 + Level 1.3 Evocations


You had 6 spell levels left.
You didn't know any spells.
Your spell library was empty.

Dungeon Overview and Level Annotations

Branches:
Dungeon (5/15)
 Temple: D:4-7

Altars:
Qazlal
Trog

Shops:
D:1 =

Annotations:
D:4 2 runed translucent doors, drawgostyle's ghost, novice VSWr


Innate Abilities, Weirdness & Mutations

You are a tree.
Your roots penetrate the ground, keeping you stationary.
You cannot be teleported.
You are immune to unholy pain and torment.
Your maximum health is greatly increased.
Your equipment is partially melded.
((You are partially covered in molten scales. (AC +2)))
You may rarely emit foul miasma when damaged in melee.
You regenerate health from kills.
((You have a tail ending in a sharp stinger.))


Message History

The water moccasin barely misses you.
An iguana comes into view.
The water moccasin barely misses you.
It was a potion of attraction.
You feel attractive to monsters.
* * * LOW HITPOINT WARNING * * *
You feel very sick.
The iguana hisses angrily.
The water moccasin bites you.
* * * LOW HITPOINT WARNING * * *
The iguana is attracted toward you.
It was a potion of lignification.
You turn into a tree.
Your +2 hat melds into your body.
Your +0 ring mail melds into your body.
Your roots penetrate the ground.
* * * LOW HITPOINT WARNING * * *
You feel sick.
The water moccasin bites you but does no damage.
Unknown command.
It was a potion of berserk rage.
A red film seems to cover your vision as you go berserk!
You feel yourself moving faster!
You feel mighty!
You feel sick.
The water moccasin bites you but does no damage. x2
Unknown command.
You are too berserk!
You slash the water moccasin!
The water moccasin is severely wounded.
You feel sick.
The water moccasin bites you but does no damage.
You closely miss the water moccasin.
The water moccasin is severely wounded.
You feel sick. The water moccasin bites you.
* * * LOW HITPOINT WARNING * * *
You hit the water moccasin.
The water moccasin is almost dead.
You feel sick.
The water moccasin bites you but does no damage. x2
You closely miss the water moccasin.
The water moccasin is almost dead.
You feel sick. The water moccasin bites you.
You die...

≈≈≈≈≈.................$.
≈≈≈≈..............####$.
..................#.....
.......♣♣.♣♣............
#..#..♣♣P.♣♣............
#.##.. ♣♣≈♣♣....Z.......
.. #.. ♣.P♣♣♣.lo#......
#♣♣♣♣♣♣..♣♣♣♣♣S##.....
##PPP♣♣≈≈≈♣♣≈♣♣♣# .....
#..≈≈.≈≈≈≈.≈≈≈..# ..##
##.≈PPPP.≈.♣P.♣♣.# ##
...♣♣♣♣♣♣≈.♣♣♣♣♣.# .###
♣P≈P♣♣♣...# ##
♣♣.P♣♣....# ####.
♣.≈≈♣#....# .....#
♣♣.♣♣.....# ######
#........#


You could see a water moccasin, an iguana, an orc and a water moccasin zombie.

Vanquished Creatures
  2 ogres
  A phantom (D:5)
  2 scorpions
  A centaur skeleton (D:5)
  An orc priest (D:3)
  An iguana (D:5)
  3 adders
  An ufetubus (D:5)
  2 worms
  5 dart slugs
  8 orcs (D:3)
  6 bats
  6 endoplasms
  3 giant cockroaches
  9 goblins
  2 hobgoblins (D:4)
  2 quokkas
  4 ball pythons
  4 frilled lizards
  3 kobolds
  3 rats
69 creatures vanquished.

Vanquished Creatures (others)
  6 plants (D:5)
6 creatures vanquished.

Grand Total: 75 creatures vanquished

Notes
Turn   | Place    | Note
-------+----------+-------------------------------------------
     0 | D:1      | flotson the Demonspawn Gladiator began the quest for the
                  | Orb.
     0 | D:1      | Reached XP level 1. HP: 16/16 MP: 1/1
   136 | D:1      | Found Udownyit's Jewellery Boutique.
   249 | D:1      | Gained mutation: You have a small tail. [demonic ancestry]
   249 | D:1      | Reached XP level 2. HP: 22/22 MP: 2/2
   391 | D:1      | You fall into a shaft and drop 1 floor!
   396 | D:2      | Noticed a scorpion
   610 | D:2      | Killed a scorpion
   611 | D:2      | Reached skill level 3 in Axes
   611 | D:2      | Reached skill level 1 in Armour
   611 | D:2      | Gained mutation: You are partially covered in molten
                  | scales. (AC +2) [demonic ancestry]
   611 | D:2      | Reached XP level 3. HP: 19/28 MP: 3/3
   611 | D:2      | Gained mutation: You may rarely emit foul miasma when
                  | damaged in melee. [demonic ancestry]
   611 | D:2      | Reached XP level 4. HP: 23/34 MP: 4/4
   954 | D:2      | Found a faded altar of an unknown god.
  1400 | D:3      | Gained mutation: You have a tail ending in a sharp stinger.
                  | [demonic ancestry]
  1400 | D:3      | Reached XP level 5. HP: 35/40 MP: 5/5
  1583 | D:3      | Found a bloodstained altar of Trog.
  2406 | D:3      | Noticed an ogre
  2420 | D:3      | Killed an ogre
  2421 | D:3      | Gained mutation: You regenerate a little health from kills.
                  | [demonic ancestry]
  2421 | D:3      | Reached XP level 6. HP: 47/47 MP: 6/6
  3135 | D:4      | Found a runed translucent door.
  3168 | D:4      | Noticed drawgostyle's ghost (novice VSWr)
  3456 | D:4      | Found a runed translucent door.
  4102 | D:5      | Entered Level 5 of the Dungeon
  4118 | D:5      | Noticed a water moccasin
  4221 | D:5      | Reached skill level 1 in Evocations
  4329 | D:5      | Reached skill level 4 in Axes
  4398 | D:5      | Gained mutation: You regenerate health from kills. [demonic
                  | ancestry]
  4398 | D:5      | Reached XP level 7. HP: 39/53 MP: 7/7
  4514 | D:5      | Found a stormy altar of Qazlal.
  4557 | D:5      | HP: 5/118 [water moccasin (1)]
  4559 | D:5      | Slain by a water moccasin

Illustrated notes

Levels and vault maps discovered:
D:1:      giann_bridges, layout_rooms, serial_shops, nicolae_square_shop,
          minmay_misc_feat_iff
D:2:      layout_loops_ring, shapermc_ecumenical_altar_starsandcircs
D:3:      layout_basic, marbit_many_paths, serial_co_window_serial,
          co_window_of_opportunity_a, co_window_paths_a,
          co_window_of_opportunity_a, co_window_paths_b, co_window_paths_b,
          co_window_paths_c, co_window_of_opportunity_b,
          co_window_of_opportunity_b, co_window_paths_c, co_window_4corner_b,
          glass_columns_a, glass_columns_b, glass_columns_a
D:4:      layout_gridville, ebering_ghost_sewer_f, serial_bayou_pond_c,
          supply_closet_lemuel
D:5:      layout_rooms, mainiacjoe_overflow_catwalk, serial_bayou,
          serial_bayou_crossing, serial_bayou_pond_b, serial_bayou_ford_a,
          serial_bayou_shore_b, corexii_shack

Skill      XL: |  1  2  3  4  5  6 |
---------------+-------------------+-----
Throwing       | 2 3 |  3.4
Axes           | 3 4 |  4.0
Armour         | 1 2 |  2.7
Dodging        | 3 |  3.9
Fighting       | 3 |  3.8
Evocations     | 1 |  1.3

Action                   |  1- 3 |  4- 6 |  7- 9 || total
-------------------------+-------+-------+-------++-------
Melee: War axe           |    46 |   160 |    19 ||   225
       Tailslap          |     3 |    20 |     1 ||    24
       Punch             |       |     1 |       ||     1
Throw: Boomerang         |       |    12 |       ||    12
       Dart              |       |     2 |       ||     2
       Throwing net      |       |     1 |       ||     1
  Use: Potion            |       |       |     3 ||     3
 Stab: Held in net/web   |       |     2 |       ||     2
Armor: Leather armour    |    15 |       |       ||    15
       Ring mail         |     8 |    71 |    17 ||    96
       Skin              |       |       |     6 ||     6
Dodge: Dodged            |    34 |   105 |    19 ||   158

Table legend: (Time is in decaauts)
 A = Elapsed time spent in this place.
 B = Non-inter-level travel time spent in this place.
 C = Inter-level travel time spent in this place.
 D = Time resting spent in this place.
 E = Time spent auto-exploring this place.
 F = Levels seen in this place.
 G = Mean time per level.
                   A        B        C        D        E       F      G
               +--------+--------+--------+--------+--------+-----+--------+
         Total |   4636 |   4373 |    263 |    174 |   3491 |   5 |  927.2 |
       Dungeon |   4636 |   4373 |    263 |    174 |   3491 |   5 |  927.2 |
               +--------+--------+--------+--------+--------+-----+--------+

Top non-repeatable levels by time:
     D:3: 1536 daAuts
     D:4: 1085 daAuts
     D:2: 1064 daAuts
     D:1: 554 daAuts
     D:5: 395 daAuts
